 Dungeon Crawl Stone Soup version 0.30-a0-972-gf3ab3527aa (webtiles) character file.

Game seed: 2190348894492499417

53 Newt the Trooper (level 3, -3/30 HPs)
             Began as a Demonspawn Gladiator on Mar 31, 2023.
             Slain by a gnoll
             ... wielding a +0 club
              (7 damage)
             ... on level 2 of the Dungeon.
             The game lasted 00:01:08 (907 turns).

Newt the Trooper (Demonspawn Gladiator)              Turns: 907, Time: 00:01:08

Health: -3/30      AC:  3    Str: 16    XL:     3   Next: 64%
Magic:  3/3        EV: 12    Int:  9    God:
Gold:   23         SH:  0    Dex: 14    Spells: 2/2 levels left

rFire   . . .      SeeInvis .    a - +0 rapier
rCold   . . .      Faith    .    (no shield)
rNeg    . . .      Spirit   .    b - +0 leather armour
rPois   .          Reflect  .    (helmet restricted)
rElec   .          Rampage  .    (no cloak)
rCorr   .                        (no gloves)
Will    .....                    (no boots)
Stlth   +                        l - amulet of regeneration
HPRegen 1.05/turn                (no ring)
MPRegen 0.08/turn                (no ring)

@: no status effects
A: horns 2
a: no special abilities


You were on level 2 of the Dungeon.
You visited 1 branch of the dungeon, and saw 2 of its levels.

You collected 23 gold pieces.

Inventory:

Hand Weapons
 a - a +0 rapier (weapon)
Missiles
 d - 3 throwing nets (quivered)
 h - 3 poisoned darts
Armour
 b - a +0 leather armour (worn)
 c - a +0 helmet
Jewellery
 l - an amulet of regeneration (around neck)
Scrolls
 n - a scroll of fog
Potions
 f - a potion of mutation {unknown}
 i - 2 potions of berserk rage {unknown}
 j - a potion of might {unknown}
 m - a potion of heal wounds {unknown}
 o - a potion of ambrosia {unknown}


   Skills:
 - Level 4.0 Fighting
 + Level 2.8 Short Blades
 - Level 1.7 Throwing
 - Level 2.6 Dodging


You had 2 spell levels left.
You didn't know any spells.
Your spell library contained the following spells:

 Spells                   Type           Power      Damage    Failure   Level
 Magic Dart               Conj           0%         1d3       45%         1
 Searing Ray              Conj           0%         2d4       58%         2
 Fulminant Prism          Conj/Hex       0%         3d5       99%         4
 Freezing Cloud           Conj/Ice/Air   0%         6-21      100%        5
 Simulacrum               Ice/Necr       0%         N/A       100%        6
 Polar Vortex             Ice            0%         N/A       100%        9


Dungeon Overview and Level Annotations

Branches:
Dungeon (2/15)

Altars:


Innate Abilities, Weirdness & Mutations

You have a pair of horns on your head.


Message History

You hit the bat.
The bat is heavily wounded.
The bat barely misses you. The bat closely misses you.
You barely miss the bat. You headbutt the bat.
You kill the bat!
You hit the kobold.
You kill the kobold!
You hit the gnoll but do no damage. You headbutt the gnoll.
The gnoll is moderately wounded.
The gnoll hits you with a +0 flail!
Throw: javelin
Press: ? - help, Shift-Dir - straight line, f - gnoll
Aim: a gnoll, wielding a +0 halberd (63% to hit)
You throw a javelin. The javelin pierces through the gnoll!
The gnoll is almost dead.
The javelin pierces through the gnoll!
The gnoll is heavily wounded.
The javelin closely misses the gnoll.
The gnoll hits you with a +0 flail. x2
Unknown command.
Unknown command.
You completely miss the gnoll. You headbutt the gnoll.
You kill the gnoll!
Training target 4.0 for Fighting reached!
Your Fighting skill increases to level 4!
You need to enable at least one skill for training.
Unknown command.
You hit the gnoll. You headbutt the gnoll.
The gnoll is almost dead.
The gnoll hits you from afar with a +0 halberd.
The gnoll hits you with a +0 club.
* * * LOW HITPOINT WARNING * * *
Unknown command.
The gnoll attacks as you move away! The gnoll hits you with a +0 club.
* * * LOW HITPOINT WARNING * * *
The gnoll attacks as you move away! The gnoll hits you with a +0 club.
* * * LOW HITPOINT WARNING * * *
There is a stone staircase leading up here.
The gnoll hits you with a +0 club!
You die...

*,,,,,,,* *,,,,,,,*,,
*,,,,,,,*******,,,,,,,*,,
*,,,,,,,,<,..**.......*,,
**,*,,,,****..*#.....#**,
*,****** *#g##....$##*<
*,,* *.........#,,
##.#########*.......!#,,
#..........#**g......#,,
#......@g..# *#.....#*,,
#........g.####....##*,,
#...........)|(#..!.#**,
###.####..####......#***
#,,**##..>...........,
*****,,**##......[.#..##*
*,,***,,,*#.###.[.....?.,
*,,*****,....,...<......,
**,,,,,.................,


You could see 2 gnolls.

Vanquished Creatures
  A gnoll (D:2)
  An adder (D:2)
  2 dart slugs (D:1)
  5 bats
  2 endoplasms (D:1)
  A giant cockroach (D:2)
  A goblin (D:1)
  A hobgoblin (D:1)
  2 jackals (D:1)
  2 quokkas (D:1)
  4 ball pythons (D:1)
  3 frilled lizards (D:1)
  2 kobolds
  3 rats (D:1)
30 creatures vanquished.

Notes
Turn   | Place    | Note
-------+----------+-------------------------------------------
     0 | D:1      | Newt the Demonspawn Gladiator began the quest for the Orb.
     0 | D:1      | Reached XP level 1. HP: 16/16 MP: 1/1
   169 | D:1      | Gained mutation: You have a pair of small horns on your
                  | head. [demonic ancestry]
   169 | D:1      | Reached XP level 2. HP: 22/23 MP: 2/2
   533 | D:1      | Reached skill level 3 in Fighting
   769 | D:1      | Gained mutation: You have a pair of horns on your head.
                  | [demonic ancestry]
   769 | D:1      | Reached XP level 3. HP: 29/29 MP: 3/3
   902 | D:2      | Reached skill level 4 in Fighting
   907 | D:2      | Slain by a gnoll

Illustrated notes

Levels and vault maps discovered:
D:1:      amcnicky_arrival_gap_in_the_tavern_cellar, layout_loops_corners,
          minmay_hexomino_f4
D:2:      layout_rooms, serial_shops, nicolae_shop_waterfront,
          shapermc_ecumenical_altar_mp_ritualfount, hangedman_decor_slide_cut

Skill      XL: |  1  2  3 |
---------------+----------+-----
Fighting       | 3 4 |  4.0
Short Blades   | |  2.8
Throwing       | |  1.7
Dodging        | |  2.6

Action                     || total
---------------------------++-------
  Melee: Rapier            ||    83
         Headbutt          ||    13
  Throw: Javelin           ||     1
    Use: Scroll            ||     3
 Armour: Leather armour    ||    32
  Dodge: Dodged            ||    58

Table legend: (Time is in decaauts)
 A = Elapsed time spent in this place.
 B = Non-inter-level travel time spent in this place.
 C = Inter-level travel time spent in this place.
 D = Time resting spent in this place.
 E = Time spent auto-exploring this place.
 F = Levels seen in this place.
 G = Mean time per level.
                   A        B        C        D        E       F      G
               +--------+--------+--------+--------+--------+-----+--------+
         Total |    913 |    862 |     51 |      0 |    647 |   2 |  456.5 |
       Dungeon |    913 |    862 |     51 |      0 |    647 |   2 |  456.5 |
               +--------+--------+--------+--------+--------+-----+--------+

Top non-repeatable levels by time:
     D:1: 872 daAuts
     D:2: 41 daAuts
